Avalanche vs Flames (R2)

Created - October 11, 2017 at 23:27

Goals
1 2 3 T
Avalanche 0 1 1 2
Flames 4 0 1 5
Shots
1 2 3 T
Avalanche 12 13 13 38
Flames 23 7 4 34

1st period

1. Flames , Patrik Berglund 1 (Lubomir Visnovsky 1, Jordin Tootoo 1) at 2:31 (PP)
2. Flames , Eric Staal 1 (Derek Meech 1, Jordin Tootoo 2) at 13:49 (SH)
3. Flames , Eric Staal 2 (David Backes 1, Alexander Semin 1) at 14:45
4. Flames , Patrik Berglund 2 (Colin Wilson 1, Steve Regier 1) at 15:35

Penalties :
Ryan Smyth (Col) for Roughing (Minor) at 1:12, Bryan Little (Col) for Holding (Minor) at 4:37, Erik Johnson (Cal) for High sticking (Minor) at 12:30

2nd period

5. Avalanche , Andrei Kostitsyn 1 (Paul Stastny 1, Alexander Radulov 1) at 10:25 (PP)

Penalties :
Corey Perry (Col) for Interference (Minor) at 3:32, Jonathan Ferland (Cal) for Hooking (Minor) at 6:21, Marcel Goc (Cal) for Hooking (Minor) at 9:53, Eric Staal (Cal) for Hooking (Minor) at 19:16

3rd period

6. Avalanche , Mikkel Boedker 1 (Bryan Little 1, Corey Perry 1) at 5:01
7. Flames , Eric Staal 3 (Alexander Semin 2) at 7:31 (PP)

Penalties :
David Krejci (Col) for Diving (Minor) at 7:20, Patrik Berglund (Cal) for Tripping (Minor) at 10:29, Jay Bouwmeester (Col) for Roughing (Minor) at 11:25, Steve Eminger (Cal) for Hooking (Minor) at 15:04, Mikhail Grabovski (Cal) for Interference (Minor) at 15:59

Goalie Stats

Semyon Varlamov (Col), 29 saves from 34 shots - (0.853), L, 0-1-0, 60:00 minutes
Pekka Rinne (Cal), 36 saves from 38 shots - (0.947), W, 1-0-0, 60:00 minutes

Players Stats for Avalanche

Player Name              G  A  P  +/- PIM S  H  SB GA TA FO     MP     PP MP  PK MP  
------------------------------------------------------------------------------------
Alexander Radulov        0  1  1  -1  0   4  0  1  1  0  0/0    16:06   3:50   0:08 
Andrei Kostitsyn         1  0  1  -1  0   3  1  0  0  0  2/2    16:32   3:50   0:30 
Andrew Ladd              0  0  0   0  0   0  3  0  1  0  3/6    12:20   0:00   3:56 
Brandon Yip              0  0  0   0  0   2  1  1  0  0  2/2    11:05   0:00   1:58 
Bryan Little             0  1  1   0  2   2  4  1  2  0  12/30  21:21   6:29   0:00 
Chuck Kobasew            0  0  0  -1  0   0  2  0  0  0  1/1    11:26   0:00   3:56 
Corey Perry              0  1  1   0  2   3  0  2  2  0  0/1    20:55   6:29   0:04 
Cory Emmerton            0  0  0  -1  0   2  1  0  2  0  8/12   12:46   0:00   1:00 
David Krejci             0  0  0  -1  2   0  0  0  0  0  1/3     7:29   0:00   0:00 
Jack Johnson             0  0  0  -1  0   6  2  2  1  1  0/0    27:03   7:05   3:05 
Jay Bouwmeester          0  0  0   0  2   2  0  0  1  1  0/0    19:28   3:13   2:27 
Johnny Boychuk           0  0  0  -1  0   0  0  1  0  0  0/0    13:01   0:00   0:08 
Marc Staal               0  0  0  -1  0   1  0  4  1  0  0/0    24:58   7:05   3:05 
Mark Giordano            0  0  0  -1  0   1  1  3  0  0  0/0    13:00   0:00   0:44 
Mikkel Boedker           1  0  1   0  0   7  0  0  3  0  3/7    21:17   6:29   0:00 
Paul Stastny             0  1  1   0  0   2  1  0  0  0  3/6    12:24   3:50   0:00 
Pernell Karl Subban      0  0  0   0  0   3  1  2  0  3  0/0    22:01   3:14   3:11 
Ryan Smyth               0  0  0  -1  2   0  0  0  0  0  0/1     9:16   0:00   1:24 

Players Stats for Flames

Player Name              G  A  P  +/- PIM S  H  SB GA TA FO     MP     PP MP  PK MP  
------------------------------------------------------------------------------------
Alexander Semin          0  2  2   1  0   2  2  1  1  1  2/3    23:14   3:03   5:12 
Brad Marchand            0  0  0   0  0   2  0  2  0  1  3/4    14:35   0:05   1:23 
Colin Wilson             0  1  1   0  0   2  0  0  0  1  0/1     8:12   0:16   0:00 
David Backes             0  1  1   1  0   0  1  0  1  1  1/2    17:53   3:19   0:39 
Derek Meech              0  1  1   3  0   2  1  3  0  0  0/0    21:38   2:37   3:15 
Eric Staal               3  0  3   2  2   7  1  1  0  1  23/40  21:08   3:19   3:29 
Erik Johnson             0  0  0   2  2   1  2  0  1  0  0/0    20:53   3:33   1:42 
Jonathan Ferland         0  0  0   0  2   0  1  0  0  1  0/0     7:28   0:00   0:00 
Jordin Tootoo            0  2  2   1  0   4  2  1  0  1  0/1    20:27   3:05   4:28 
Lubomir Visnovsky        0  1  1   1  0   1  1  2  0  1  0/0    16:05   2:37   3:15 
Marcel Goc               0  0  0   0  2   2  0  0  0  0  0/0     7:27   0:00   0:00 
Michel Ouellet           0  0  0   0  0   0  0  1  0  0  0/0     7:55   0:00   0:00 
Mikhail Grabovski        0  0  0   0  2   2  2  0  0  3  7/14   13:03   0:00   4:11 
Noah Welch               0  0  0  -1  0   2  2  0  0  1  0/0    15:58   3:33   0:00 
Patrik Berglund          2  0  2   0  2   7  0  0  1  0  0/6    14:53   3:05   0:00 
Ron Hainsey              0  0  0   0  0   0  0  7  1  2  0/0    22:24   0:14   7:04 
Steve Eminger            0  0  0  -1  2   0  1  1  0  0  0/0    23:19   0:14   5:33 
Steve Regier             0  1  1   0  0   0  1  0  0  0  0/0    10:55   3:00   0:00 

3 Stars

1 - Eric Staal (Cal)
2 - Pekka Rinne (Cal)
3 - Patrik Berglund (Cal)

Power Play

Avalanche - 1 on 7 Attempt(s) - 14.29%
Flames - 2 on 5 Attempt(s) - 40.00%

Penalty Kill

Avalanche - 3 on 5 Attempt(s) - 60.00% - Score 0 goal in Penalty Kill
Flames - 6 on 7 Attempt(s) - 85.71% - Score 1 goal in Penalty Kill

Team Stat

Avalanche - Hits : 17 - Faceoff Wins : 35 - Blocked Shots : 17 - Penalty Minutes : 10
Flames - Hits : 17 - Faceoff Wins : 36 - Blocked Shots : 19 - Penalty Minutes : 14

Official

Referees : StPierre Justin and McCauley Wes
Linesman : Dan Schachte and Shane Heyer

Game Notes

Eric Staal has scored a Hat Trick!

Finance

Level 1 -- Attendance: 4242 (70.70%) -- Ticket Income $398,748
Level 2 -- Attendance: 3636 (72.72%) -- Ticket Income $225,432
Level 3 -- Attendance: 1648 (82.40%) -- Ticket Income $62,624
Level 4 -- Attendance: 3352 (83.80%) -- Ticket Income $93,856
Luxury Box -- Attendance: 706 (70.60%) -- Ticket Income $122,844
Game was played at the Metal Center.
Total Attendance: 13584 (75.47%)
Total Ticket Income: $903,504
Other Income: $135,526
Total Income: $1,039,030

Avalanche

5 vs 5 Forward 
   Center                   Left Wing                Right Wing               Time % Phy DF OF 
 1 Bryan Little             Mikkel Boedker           Corey Perry              35     1   2  2  
 2 Cory Emmerton            Andrei Kostitsyn         Alexander Radulov        30     1   2  2  
 3 Paul Stastny             Andrew Ladd              Brandon Yip              20     1   2  2  
 4 David Krejci             Ryan Smyth               Chuck Kobasew            15     1   2  2  

5 vs 5 Defense 
   Defense                  Defense                                           Time % Phy DF OF 
 1 Jack Johnson             Pernell Karl Subban                               35     1   2  2  
 2 Marc Staal               Jay Bouwmeester                                   35     1   2  2  
 3 Johnny Boychuk           Mark Giordano                                     30     1   2  2  
 4 Jack Johnson             Marc Staal                                        0      1   2  2  

PowerPlay Forward 
   Center                   Left Wing                Right Wing               Time % Phy DF OF 
 1 Bryan Little             Mikkel Boedker           Corey Perry              60     1   2  2  
 2 Paul Stastny             Andrei Kostitsyn         Alexander Radulov        40     1   2  2  

PowerPlay Defense
   Defense                  Defense                                           Time % Phy DF OF 
 1 Jack Johnson             Marc Staal                                        60     1   2  2  
 2 Pernell Karl Subban      Jay Bouwmeester                                   40     1   2  2  

Penalty Kill 4 Players Forward 
   Center                   Wing                     Time % Phy DF OF 
 1 Andrew Ladd              Chuck Kobasew            60     1   2  2  
 2 Brandon Yip              Ryan Smyth               40     1   2  2  

Penalty Kill 4 Players Defense
   Defense                  Defense                  Time % Phy DF OF 
 1 Jack Johnson             Marc Staal               60     1   2  2  
 2 Pernell Karl Subban      Jay Bouwmeester          40     1   2  2  

Penalty Kill - 3 Players Forward 
   Forward                                           Time % Phy DF OF 
 1 Bryan Little                                      60     1   2  2  
 2 Mikkel Boedker                                    40     1   2  2  

Penalty Kill - 3 Players Defense
   Defense                  Defense                  Time % Phy DF OF 
 1 Jack Johnson             Marc Staal               60     1   2  2  
 2 Pernell Karl Subban      Jay Bouwmeester          40     1   2  2  

4 vs 4 Forward 
   Center                   Wing                     Time % Phy DF OF 
 1 Bryan Little             Mikkel Boedker           60     1   2  2  
 2 Corey Perry              Andrei Kostitsyn         40     1   2  2  

4 vs 4 Defense
   Defense                  Defense                  Time % Phy DF OF 
 1 Jack Johnson             Marc Staal               60     1   2  2  
 2 Pernell Karl Subban      Jay Bouwmeester          40     1   2  2  

Last Minutes Offensive
   Center                   Left Wing                Right Wing               Defense                  Defense                  
   Bryan Little             Mikkel Boedker           Corey Perry              Jack Johnson             Jay Bouwmeester          

Last Minutes Defensive
   Center                   Left Wing                Right Wing               Defense                  Defense                  
   Bryan Little             Andrew Ladd              Chuck Kobasew            Marc Staal               Pernell Karl Subban      

Goaltenders
Starting : Semyon Varlamov          
Backup : Dan Ellis                

Extra Forwards
Normal : Andrew Ladd, Alexander Radulov, Cory Emmerton - PP : Andrew Ladd, Alexander Radulov - PK : Cory Emmerton
Extra Defensemen
Normal : Johnny Boychuk, Mark Giordano, Pernell Karl Subban - PP : Johnny Boychuk - PK : Mark Giordano, Pernell Karl Subban
Penalty Shots
Bryan Little, Mikkel Boedker, Corey Perry, Andrei Kostitsyn, Paul Stastny

Scratches
None

Flames

5 vs 5 Forward 
   Center                   Left Wing                Right Wing               Time % Phy DF OF 
 1 Eric Staal               Alexander Semin          David Backes             38     1   2  2  
 2 Patrik Berglund          Brad Marchand            Jordin Tootoo            32     1   2  2  
 3 Colin Wilson             Steve Regier             Michel Ouellet           20     1   2  2  
 4 Mikhail Grabovski        Marcel Goc               Jonathan Ferland         10     1   2  2  

5 vs 5 Defense 
   Defense                  Defense                                           Time % Phy DF OF 
 1 Derek Meech              Erik Johnson                                      38     1   2  2  
 2 Noah Welch               Steve Eminger                                     29     1   2  2  
 3 Ron Hainsey              Lubomir Visnovsky                                 23     1   2  2  
 4 Ron Hainsey              Steve Eminger                                     10     1   2  2  

PowerPlay Forward 
   Center                   Left Wing                Right Wing               Time % Phy DF OF 
 1 Eric Staal               Alexander Semin          David Backes             60     1   1  3  
 2 Patrik Berglund          Steve Regier             Jordin Tootoo            40     1   1  3  

PowerPlay Defense
   Defense                  Defense                                           Time % Phy DF OF 
 1 Noah Welch               Erik Johnson                                      60     1   1  3  
 2 Derek Meech              Lubomir Visnovsky                                 40     1   1  3  

Penalty Kill 4 Players Forward 
   Center                   Wing                     Time % Phy DF OF 
 1 Mikhail Grabovski        Alexander Semin          50     1   3  1  
 2 Eric Staal               Jordin Tootoo            50     1   2  2  

Penalty Kill 4 Players Defense
   Defense                  Defense                  Time % Phy DF OF 
 1 Ron Hainsey              Steve Eminger            58     1   3  1  
 2 Derek Meech              Lubomir Visnovsky        42     1   2  2  

Penalty Kill - 3 Players Forward 
   Forward                                           Time % Phy DF OF 
 1 David Backes                                      50     1   3  1  
 2 Alexander Semin                                   50     1   3  1  

Penalty Kill - 3 Players Defense
   Defense                  Defense                  Time % Phy DF OF 
 1 Ron Hainsey              Steve Eminger            58     1   3  1  
 2 Derek Meech              Lubomir Visnovsky        42     1   3  1  

4 vs 4 Forward 
   Center                   Wing                     Time % Phy DF OF 
 1 Mikhail Grabovski        Alexander Semin          60     1   2  2  
 2 Patrik Berglund          Jordin Tootoo            40     1   2  2  

4 vs 4 Defense
   Defense                  Defense                  Time % Phy DF OF 
 1 Derek Meech              Erik Johnson             60     1   2  2  
 2 Ron Hainsey              Steve Eminger            40     1   2  2  

Last Minutes Offensive
   Center                   Left Wing                Right Wing               Defense                  Defense                  
   Eric Staal               Alexander Semin          David Backes             Derek Meech              Erik Johnson             

Last Minutes Defensive
   Center                   Left Wing                Right Wing               Defense                  Defense                  
   Eric Staal               Alexander Semin          David Backes             Derek Meech              Erik Johnson             

Goaltenders
Starting : Pekka Rinne              
Backup : Josh Harding             

Extra Forwards
Normal : Brad Marchand, Jordin Tootoo, Colin Wilson - PP : Colin Wilson, Brad Marchand - PK : Brad Marchand
Extra Defensemen
Normal : Derek Meech, Lubomir Visnovsky, Ron Hainsey - PP : Ron Hainsey - PK : Erik Johnson, Derek Meech
Penalty Shots
Eric Staal, Alexander Semin, David Backes, Patrik Berglund, Colin Wilson

Scratches
None


% Time on Ice - Avalanche

Lines # - Real PCT - Wanted PCT - Time Play
Normal Forward
1 - 33% - 35% - 14:06
2 - 29% - 30% - 12:14
3 - 20% - 20% - 8:24
4 - 18% - 15% - 7:30
Normal Defense
1 - 34% - 35% - 14:09
2 - 33% - 35% - 14:08
3 - 29% - 30% - 12:16
4 - 4% - 0% - 1:41
PP Forward
1 - 63% - 60% - 6:29
2 - 37% - 40% - 3:50
PP Defense
1 - 69% - 60% - 7:05
2 - 31% - 40% - 3:14
PK Forward
1 - 68% - 60% - 4:22
2 - 32% - 40% - 2:02
PK Defense
1 - 48% - 60% - 3:05
2 - 52% - 40% - 3:19
PK3 Forward
1 - 0% - 60%
2 - 0% - 40%
PK3 Defense
1 - 0% - 60%
2 - 0% - 40%
44 Forward
1 - 75% - 60% - 0:47
2 - 25% - 40% - 0:16
44 Defense
1 - 100% - 60% - 1:03
2 - 0% - 40% - 0:00
Last Minute Offensive  - 0:00
Last Minute Defensive  - 0:00
Total
Forward - 60:00
Defense - 60:00

% Time on Ice - Flames

Lines # - Real PCT - Wanted PCT - Time Play
Normal Forward
1 - 35% - 38% - 14:36
2 - 29% - 32% - 12:15
3 - 19% - 20% - 7:55
4 - 18% - 10% - 7:28
Normal Defense
1 - 41% - 38% - 17:15
2 - 30% - 29% - 12:40
3 - 22% - 23% - 9:30
4 - 7% - 10% - 2:49
PP Forward
1 - 52% - 60% - 3:19
2 - 48% - 40% - 3:05
PP Defense
1 - 55% - 60% - 3:33
2 - 45% - 40% - 2:51
PK Forward
1 - 50% - 50% - 4:36
2 - 50% - 50% - 4:39
PK Defense
1 - 70% - 58% - 6:28
2 - 30% - 42% - 2:47
PK3 Forward
1 - 61% - 50% - 0:39
2 - 39% - 50% - 0:25
PK3 Defense
1 - 56% - 58% - 0:36
2 - 44% - 42% - 0:28
44 Forward
1 - 68% - 60% - 0:43
2 - 32% - 40% - 0:20
44 Defense
1 - 43% - 60% - 0:27
2 - 57% - 40% - 0:36
Last Minute Offensive  - 0:00
Last Minute Defensive  - 0:00
Total
Forward - 60:00
Defense - 60:00

Play by Play

1st period


0:01 of 1st period - Mikkel Boedker wins face-off versus Eric Staal in neutral zone.
0:28 of 1st period - Snap shot by David Backes.
0:28 of 1st period - Shot Misses the Net.
0:48 of 1st period - Wrist shot by Patrik Berglund.
0:48 of 1st period - Stopped by Semyon Varlamov with a rebound.
0:54 of 1st period - Slapshot by Jay Bouwmeester.
0:54 of 1st period - Shot Blocked by Michel Ouellet.
0:56 of 1st period - Slapshot by Marc Staal.
0:56 of 1st period - Shot Blocked by Derek Meech.
1:06 of 1st period - Erik Johnson is hit by Chuck Kobasew and loses puck.
1:12 of 1st period - Minor Penalty to Ryan Smyth for Roughing.
1:13 of 1st period - Eric Staal wins face-off versus Andrew Ladd in Avalanche zone.
1:20 of 1st period - Snap shot by David Backes.
1:20 of 1st period - Shot Blocked by Marc Staal.
1:22 of 1st period - Slapshot by Derek Meech.
1:22 of 1st period - Shot Blocked by Marc Staal.
1:24 of 1st period - Wrist shot by Eric Staal.
1:24 of 1st period - Stopped by Semyon Varlamov without a rebound.
1:25 of 1st period - Eric Staal wins face-off versus Andrew Ladd in Avalanche zone.
1:28 of 1st period - Wrist shot by Eric Staal.
1:28 of 1st period - Stopped by Semyon Varlamov with a rebound.
1:52 of 1st period - Marc Staal is hit by Lubomir Visnovsky and loses puck.
1:57 of 1st period - Slapshot by Patrik Berglund.
1:57 of 1st period - Stopped by Semyon Varlamov without a rebound.
1:58 of 1st period - Brandon Yip wins face-off versus Patrik Berglund in Avalanche zone.
2:27 of 1st period - Snap shot by Patrik Berglund.
2:27 of 1st period - Shot Misses the Net.
2:29 of 1st period - Wrist shot by Lubomir Visnovsky.
2:29 of 1st period - Stopped by Semyon Varlamov with a rebound.
2:31 of 1st period - Snap shot by Patrik Berglund.
2:31 of 1st period - Goal by Patrik Berglund - Avalanche : 0 - Flames : 1.
2:32 of 1st period - Bryan Little wins face-off versus Eric Staal in neutral zone.
2:37 of 1st period - Wrist shot by Mikkel Boedker.
2:37 of 1st period - Stopped by Pekka Rinne with a rebound.
3:15 of 1st period - Icing by Lubomir Visnovsky.
3:16 of 1st period - Paul Stastny wins face-off versus Patrik Berglund in Flames zone.
3:19 of 1st period - Wrist shot by Andrew Ladd.
3:19 of 1st period - Shot Misses the Net.
3:21 of 1st period - Slapshot by Paul Stastny.
3:21 of 1st period - Shot Misses the Net.
3:23 of 1st period - Slapshot by Jay Bouwmeester.
3:23 of 1st period - Stopped by Pekka Rinne with a rebound.
3:25 of 1st period - Slapshot by Jay Bouwmeester.
3:25 of 1st period - Shot Blocked by Brad Marchand.
3:42 of 1st period - Off-side.
3:43 of 1st period - Eric Staal wins face-off versus Bryan Little in neutral zone.
4:02 of 1st period - Wrist shot by Bryan Little.
4:02 of 1st period - Shot Misses the Net.
4:37 of 1st period - Minor Penalty to Bryan Little for Holding.
4:38 of 1st period - Chuck Kobasew wins face-off versus Patrik Berglund in Avalanche zone.
5:20 of 1st period - Icing by Eric Staal.
5:21 of 1st period - Andrew Ladd wins face-off versus Eric Staal in Flames zone.
5:22 of 1st period - Wrist shot by Chuck Kobasew.
5:22 of 1st period - Shot Misses the Net.
6:14 of 1st period - Erik Johnson is hit by Andrew Ladd and loses puck.
6:37 of 1st period - Penalty to Bryan Little is over, Bryan Little is back on ice.
6:47 of 1st period - Wrist shot by Corey Perry.
6:47 of 1st period - Stopped by Pekka Rinne with a rebound.
6:49 of 1st period - Slapshot by Corey Perry.
6:49 of 1st period - Stopped by Pekka Rinne without a rebound.
6:50 of 1st period - Bryan Little wins face-off versus Mikhail Grabovski in Flames zone.
6:59 of 1st period - Snap shot by Mikkel Boedker.
6:59 of 1st period - Deflect By Bryan Little.
6:59 of 1st period - Shot Blocked by Ron Hainsey.
6:59 of 1st period - Puck is out of play.
7:00 of 1st period - Cory Emmerton wins face-off versus Patrik Berglund in Flames zone.
7:32 of 1st period - Snap shot by Patrik Berglund.
7:32 of 1st period - Shot Misses the Net.
7:34 of 1st period - Slapshot by Erik Johnson.
7:34 of 1st period - Shot Misses the Net.
7:36 of 1st period - Backhand shot by Derek Meech.
7:36 of 1st period - Stopped by Semyon Varlamov with a rebound.
7:38 of 1st period - Snap shot by Erik Johnson.
7:38 of 1st period - Shot Blocked by Marc Staal.
7:40 of 1st period - Wrist shot by Brad Marchand.
7:40 of 1st period - Shot Misses the Net.
7:42 of 1st period - Snap shot by Patrik Berglund.
7:42 of 1st period - Deflect By Jordin Tootoo.
7:42 of 1st period - Stopped by Semyon Varlamov with a rebound.
7:44 of 1st period - Snap shot by Brad Marchand.
7:44 of 1st period - Stopped by Semyon Varlamov with a rebound.
8:17 of 1st period - Wrist shot by Brad Marchand.
8:17 of 1st period - Stopped by Semyon Varlamov with a rebound.
8:27 of 1st period - Slapshot by Patrik Berglund.
8:27 of 1st period - Stopped by Semyon Varlamov without a rebound.
8:28 of 1st period - Cory Emmerton wins face-off versus Alexander Semin in Avalanche zone.
8:45 of 1st period - Snap shot by Alexander Semin.
8:45 of 1st period - Shot Blocked by Johnny Boychuk.
9:19 of 1st period - Snap shot by Corey Perry.
9:19 of 1st period - Stopped by Pekka Rinne with a rebound.
9:51 of 1st period - Bryan Little is hit by Erik Johnson and loses puck.
10:32 of 1st period - Snap shot by Chuck Kobasew.
10:32 of 1st period - Shot Misses the Net.
11:02 of 1st period - Andrew Ladd is hit by Noah Welch and loses puck.
11:33 of 1st period - Steve Eminger is hit by Pernell Karl Subban and loses puck.
11:42 of 1st period - Cory Emmerton is hit by Jordin Tootoo and loses puck.
11:59 of 1st period - Backhand shot by Brad Marchand.
11:59 of 1st period - Shot Blocked by Alexander Radulov.
12:01 of 1st period - Wrist shot by Patrik Berglund.
12:01 of 1st period - Shot Misses the Net.
12:03 of 1st period - Slapshot by Patrik Berglund.
12:03 of 1st period - Shot Misses the Net.
12:13 of 1st period - Slapshot by Brad Marchand.
12:13 of 1st period - Shot Misses the Net.
12:15 of 1st period - Wrist shot by Jordin Tootoo.
12:15 of 1st period - Deflect By Patrik Berglund.
12:15 of 1st period - Stopped by Semyon Varlamov with a rebound.
12:17 of 1st period - Snap shot by Patrik Berglund.
12:17 of 1st period - Stopped by Semyon Varlamov with a rebound.
12:19 of 1st period - Snap shot by Noah Welch.
12:19 of 1st period - Deflect By Pernell Karl Subban.
12:19 of 1st period - Stopped by Semyon Varlamov without a rebound.
12:20 of 1st period - Eric Staal wins face-off versus David Krejci in Avalanche zone.
12:25 of 1st period - Snap shot by Alexander Semin.
12:25 of 1st period - Stopped by Semyon Varlamov with a rebound.
12:30 of 1st period - Minor Penalty to Erik Johnson for High sticking.
12:31 of 1st period - Mikkel Boedker wins face-off versus Mikhail Grabovski in Flames zone.
12:33 of 1st period - Snap shot by Bryan Little.
12:33 of 1st period - Shot Misses the Net.
12:35 of 1st period - Slapshot by Jack Johnson.
12:35 of 1st period - Shot Misses the Net.
12:37 of 1st period - Slapshot by Jack Johnson.
12:37 of 1st period - Stopped by Pekka Rinne with a rebound.
12:39 of 1st period - Slapshot by Jack Johnson.
12:39 of 1st period - Stopped by Pekka Rinne without a rebound.
12:40 of 1st period - Bryan Little wins face-off versus Mikhail Grabovski in Flames zone.
12:41 of 1st period - Wrist shot by Mikkel Boedker.
12:41 of 1st period - Shot Blocked by Lubomir Visnovsky.
12:43 of 1st period - Slapshot by Pernell Karl Subban.
12:43 of 1st period - Stopped by Pekka Rinne with a rebound.
12:45 of 1st period - Snap shot by Mikkel Boedker.
12:45 of 1st period - Shot Blocked by Derek Meech.
12:47 of 1st period - Slapshot by Jay Bouwmeester.
12:47 of 1st period - Shot Misses the Net.
12:49 of 1st period - Slapshot by Pernell Karl Subban.
12:49 of 1st period - Stopped by Pekka Rinne without a rebound.
12:50 of 1st period - Eric Staal wins face-off versus Bryan Little in Flames zone.
13:05 of 1st period - Snap shot by Eric Staal.
13:05 of 1st period - Stopped by Semyon Varlamov with a rebound.
13:15 of 1st period - Andrei Kostitsyn is hit by Mikhail Grabovski and loses puck.
13:35 of 1st period - Off-side.
13:36 of 1st period - Eric Staal wins face-off versus Bryan Little in neutral zone.
13:45 of 1st period - Snap shot by Jordin Tootoo.
13:45 of 1st period - Stopped by Semyon Varlamov with a rebound.
13:47 of 1st period - Slapshot by Derek Meech.
13:47 of 1st period - Shot Blocked by Marc Staal.
13:49 of 1st period - Snap shot by Eric Staal.
13:49 of 1st period - Goal by Eric Staal - Avalanche : 0 - Flames : 2.
13:50 of 1st period - Bryan Little wins face-off versus Jordin Tootoo in neutral zone.
13:59 of 1st period - Slapshot by Bryan Little.
13:59 of 1st period - Shot Misses the Net.
14:01 of 1st period - Snap shot by Bryan Little.
14:01 of 1st period - Stopped by Pekka Rinne without a rebound.
14:02 of 1st period - Bryan Little wins face-off versus Mikhail Grabovski in Flames zone.
14:09 of 1st period - Wrist shot by Bryan Little.
14:09 of 1st period - Stopped by Pekka Rinne without a rebound.
14:10 of 1st period - Mikhail Grabovski wins face-off versus Corey Perry in Flames zone.
14:30 of 1st period - Penalty to Erik Johnson is over, Erik Johnson is back on ice.
14:35 of 1st period - Wrist shot by Bryan Little.
14:35 of 1st period - Shot Misses the Net.
14:37 of 1st period - Slapshot by Jack Johnson.
14:37 of 1st period - Stopped by Pekka Rinne without a rebound.
14:38 of 1st period - Alexander Semin wins face-off versus Cory Emmerton in Flames zone.
14:45 of 1st period - Snap shot by Eric Staal.
14:45 of 1st period - Goal by Eric Staal - Avalanche : 0 - Flames : 3.
14:46 of 1st period - Bryan Little wins face-off versus Eric Staal in neutral zone.
15:12 of 1st period - Marc Staal is hit by Erik Johnson and loses puck.
15:33 of 1st period - Slapshot by Patrik Berglund.
15:33 of 1st period - Shot Misses the Net.
15:35 of 1st period - Snap shot by Patrik Berglund.
15:35 of 1st period - Goal by Patrik Berglund - Avalanche : 0 - Flames : 4.
15:36 of 1st period - Eric Staal wins face-off versus Mikkel Boedker in neutral zone.
16:24 of 1st period - Slapshot by Patrik Berglund.
16:24 of 1st period - Shot Blocked by Jack Johnson.
16:42 of 1st period - Jack Johnson is hit by Jordin Tootoo and loses puck.
16:50 of 1st period - Off-side.
16:51 of 1st period - Eric Staal wins face-off versus Bryan Little in neutral zone.
17:59 of 1st period - Off-side.
18:00 of 1st period - David Krejci wins face-off versus Mikhail Grabovski in neutral zone.
18:05 of 1st period - Icing by Jonathan Ferland.
18:06 of 1st period - Mikhail Grabovski wins face-off versus Mikkel Boedker in Flames zone.
19:07 of 1st period - Wrist shot by Colin Wilson.
19:07 of 1st period - Deflect By Jack Johnson.
19:07 of 1st period - Stopped by Semyon Varlamov with a rebound.
19:09 of 1st period - Slapshot by Noah Welch.
19:09 of 1st period - Stopped by Semyon Varlamov with a rebound.
19:40 of 1st period - Snap shot by Mikhail Grabovski.
19:40 of 1st period - Stopped by Semyon Varlamov without a rebound.
19:41 of 1st period - Bryan Little wins face-off versus Mikhail Grabovski in Avalanche zone.
Goals for this period are 0 for Avalanche vs 4 for Flames.
Shots for this period are 12 for Avalanche vs 23 for Flames.

2nd period


0:01 of 2nd period - Cory Emmerton wins face-off versus Eric Staal in neutral zone.
0:10 of 2nd period - Slapshot by David Backes.
0:10 of 2nd period - Shot Misses the Net.
0:12 of 2nd period - Slapshot by Erik Johnson.
0:12 of 2nd period - Stopped by Semyon Varlamov without a rebound.
0:13 of 2nd period - Eric Staal wins face-off versus Mikkel Boedker in Avalanche zone.
0:16 of 2nd period - Snap shot by David Backes.
0:16 of 2nd period - Shot Misses the Net.
0:18 of 2nd period - Slapshot by Derek Meech.
0:18 of 2nd period - Shot Blocked by Corey Perry.
0:20 of 2nd period - Slapshot by Derek Meech.
0:20 of 2nd period - Shot Blocked by Mark Giordano.
0:22 of 2nd period - Snap shot by Eric Staal.
0:22 of 2nd period - Shot Blocked by Mark Giordano.
0:24 of 2nd period - Slapshot by Derek Meech.
0:24 of 2nd period - Stopped by Semyon Varlamov without a rebound.
0:25 of 2nd period - Eric Staal wins face-off versus Cory Emmerton in Avalanche zone.
2:58 of 2nd period - Snap shot by Marcel Goc.
2:58 of 2nd period - Stopped by Semyon Varlamov with a rebound.
3:00 of 2nd period - Slapshot by Marcel Goc.
3:00 of 2nd period - Stopped by Semyon Varlamov without a rebound.
3:01 of 2nd period - Mikhail Grabovski wins face-off versus Ryan Smyth in Avalanche zone.
3:02 of 2nd period - Wrist shot by Marcel Goc.
3:02 of 2nd period - Shot Misses the Net.
3:04 of 2nd period - Slapshot by Jonathan Ferland.
3:04 of 2nd period - Shot Misses the Net.
3:16 of 2nd period - Slapshot by Mikhail Grabovski.
3:16 of 2nd period - Deflect By Johnny Boychuk.
3:16 of 2nd period - Shot Blocked by Mark Giordano.
3:16 of 2nd period - Puck is out of play.
3:17 of 2nd period - Bryan Little wins face-off versus Eric Staal in Avalanche zone.
3:23 of 2nd period - Off-side.
3:24 of 2nd period - Eric Staal wins face-off versus Bryan Little in neutral zone.
3:32 of 2nd period - Minor Penalty to Corey Perry for Interference.
3:33 of 2nd period - Eric Staal wins face-off versus Andrew Ladd in Avalanche zone.
5:07 of 2nd period - Patrik Berglund is hit by Andrew Ladd and loses puck.
5:32 of 2nd period - Penalty to Corey Perry is over, Corey Perry is back on ice.
5:50 of 2nd period - Icing by Jay Bouwmeester.
5:51 of 2nd period - Mikhail Grabovski wins face-off versus Mikkel Boedker in Avalanche zone.
6:02 of 2nd period - Wrist shot by Mikkel Boedker.
6:02 of 2nd period - Shot Misses the Net.
6:12 of 2nd period - Snap shot by Mikkel Boedker.
6:12 of 2nd period - Stopped by Pekka Rinne with a rebound.
6:14 of 2nd period - Snap shot by Mikkel Boedker.
6:14 of 2nd period - Shot Blocked by Ron Hainsey.
6:16 of 2nd period - Slapshot by Pernell Karl Subban.
6:16 of 2nd period - Shot Blocked by Ron Hainsey.
6:21 of 2nd period - Minor Penalty to Jonathan Ferland for Hooking.
6:22 of 2nd period - Eric Staal wins face-off versus Paul Stastny in Flames zone.
6:28 of 2nd period - Snap shot by Andrei Kostitsyn.
6:28 of 2nd period - Shot Blocked by Ron Hainsey.
6:30 of 2nd period - Slapshot by Andrei Kostitsyn.
6:30 of 2nd period - Shot Blocked by Steve Eminger.
6:32 of 2nd period - Snap shot by Andrei Kostitsyn.
6:32 of 2nd period - Shot Misses the Net.
6:34 of 2nd period - Wrist shot by Andrei Kostitsyn.
6:34 of 2nd period - Shot Misses the Net.
6:36 of 2nd period - Slapshot by Jack Johnson.
6:36 of 2nd period - Stopped by Pekka Rinne with a rebound.
6:38 of 2nd period - Wrist shot by Paul Stastny.
6:38 of 2nd period - Stopped by Pekka Rinne with a rebound.
7:11 of 2nd period - Icing by Jack Johnson.
7:12 of 2nd period - Mikhail Grabovski wins face-off versus Bryan Little in Avalanche zone.
8:21 of 2nd period - Penalty to Jonathan Ferland is over, Jonathan Ferland is back on ice.
8:37 of 2nd period - Steve Eminger is hit by Chuck Kobasew and loses puck.
8:50 of 2nd period - Ryan Smyth is hit by Noah Welch.
9:20 of 2nd period - Snap shot by David Backes.
9:20 of 2nd period - Shot Blocked by Brandon Yip.
9:53 of 2nd period - Minor Penalty to Marcel Goc for Hooking.
9:54 of 2nd period - Eric Staal wins face-off versus Bryan Little in Flames zone.
10:25 of 2nd period - Wrist shot by Andrei Kostitsyn.
10:25 of 2nd period - Goal by Andrei Kostitsyn - Avalanche : 1 - Flames : 4.
10:26 of 2nd period - Andrei Kostitsyn wins face-off versus Eric Staal in neutral zone.
10:35 of 2nd period - Wrist shot by Cory Emmerton.
10:35 of 2nd period - Stopped by Pekka Rinne without a rebound.
10:36 of 2nd period - Eric Staal wins face-off versus Cory Emmerton in Flames zone.
10:41 of 2nd period - Snap shot by Cory Emmerton.
10:41 of 2nd period - Stopped by Pekka Rinne with a rebound.
10:43 of 2nd period - Wrist shot by Alexander Radulov.
10:43 of 2nd period - Stopped by Pekka Rinne without a rebound.
10:44 of 2nd period - Cory Emmerton wins face-off versus David Backes in Flames zone.
10:55 of 2nd period - Eric Staal is hit by Andrei Kostitsyn and loses puck.
11:14 of 2nd period - Slapshot by Pernell Karl Subban.
11:14 of 2nd period - Shot Misses the Net.
11:56 of 2nd period - Slapshot by Jack Johnson.
11:56 of 2nd period - Shot Misses the Net.
11:58 of 2nd period - Slapshot by Jack Johnson.
11:58 of 2nd period - Stopped by Pekka Rinne with a rebound.
12:00 of 2nd period - Wrist shot by Pernell Karl Subban.
12:00 of 2nd period - Deflect By Mikhail Grabovski.
12:00 of 2nd period - Stopped by Pekka Rinne without a rebound.
12:01 of 2nd period - Eric Staal wins face-off versus David Krejci in Flames zone.
12:42 of 2nd period - Slapshot by Cory Emmerton.
12:42 of 2nd period - Shot Blocked by Lubomir Visnovsky.
12:44 of 2nd period - Slapshot by Mark Giordano.
12:44 of 2nd period - Stopped by Pekka Rinne with a rebound.
13:13 of 2nd period - Off-side.
13:14 of 2nd period - Paul Stastny wins face-off versus Mikhail Grabovski in neutral zone.
13:59 of 2nd period - Derek Meech is hit by Jack Johnson and loses puck.
14:08 of 2nd period - Snap shot by Brad Marchand.
14:08 of 2nd period - Shot Blocked by Corey Perry.
14:10 of 2nd period - Snap shot by Jordin Tootoo.
14:10 of 2nd period - Shot Blocked by Pernell Karl Subban.
14:40 of 2nd period - Wrist shot by Brandon Yip.
14:40 of 2nd period - Shot Misses the Net.
14:42 of 2nd period - Slapshot by Johnny Boychuk.
14:42 of 2nd period - Shot Misses the Net.
15:04 of 2nd period - Off-side.
15:05 of 2nd period - Mikkel Boedker wins face-off versus Eric Staal in neutral zone.
15:36 of 2nd period - Off-side.
15:37 of 2nd period - Cory Emmerton wins face-off versus Patrik Berglund in neutral zone.
15:42 of 2nd period - Snap shot by Andrei Kostitsyn.
15:42 of 2nd period - Stopped by Pekka Rinne with a rebound.
15:52 of 2nd period - Snap shot by Jordin Tootoo.
15:52 of 2nd period - Stopped by Semyon Varlamov with a rebound.
16:25 of 2nd period - Slapshot by Steve Eminger.
16:25 of 2nd period - Shot Misses the Net.
16:53 of 2nd period - Snap shot by Jordin Tootoo.
16:53 of 2nd period - Stopped by Semyon Varlamov without a rebound.
16:54 of 2nd period - Cory Emmerton wins face-off versus Eric Staal in Avalanche zone.
17:05 of 2nd period - Wrist shot by Eric Staal.
17:05 of 2nd period - Stopped by Semyon Varlamov with a rebound.
17:07 of 2nd period - Snap shot by David Backes.
17:07 of 2nd period - Deflect By Eric Staal.
17:07 of 2nd period - Shot Misses the Net.
17:07 of 2nd period - Puck is out of play.
17:08 of 2nd period - Eric Staal wins face-off versus Bryan Little in Avalanche zone.
17:21 of 2nd period - Slapshot by Jack Johnson.
17:21 of 2nd period - Shot Blocked by Derek Meech.
18:07 of 2nd period - Wrist shot by Chuck Kobasew.
18:07 of 2nd period - Shot Misses the Net.
18:24 of 2nd period - Off-side.
18:25 of 2nd period - Eric Staal wins face-off versus Paul Stastny in neutral zone.
18:25 of 2nd period - Eric Staal is hit by Brandon Yip.
18:49 of 2nd period - Icing by Johnny Boychuk.
18:50 of 2nd period - Bryan Little wins face-off versus Colin Wilson in Avalanche zone.
18:50 of 2nd period - Corey Perry is hit by Steve Regier and loses puck.
19:03 of 2nd period - Slapshot by Mikkel Boedker.
19:03 of 2nd period - Shot Blocked by Ron Hainsey.
19:05 of 2nd period - Snap shot by Mikkel Boedker.
19:05 of 2nd period - Stopped by Pekka Rinne without a rebound.
19:06 of 2nd period - Cory Emmerton wins face-off versus Eric Staal in Flames zone.
19:11 of 2nd period - Wrist shot by Andrei Kostitsyn.
19:11 of 2nd period - Shot Misses the Net.
19:13 of 2nd period - Slapshot by Jay Bouwmeester.
19:13 of 2nd period - Stopped by Pekka Rinne without a rebound.
19:14 of 2nd period - Eric Staal wins face-off versus Cory Emmerton in Flames zone.
19:16 of 2nd period - Minor Penalty to Eric Staal for Hooking.
19:17 of 2nd period - Brad Marchand wins face-off versus Bryan Little in Flames zone.
19:17 of 2nd period - Brad Marchand is hit by Bryan Little.
19:29 of 2nd period - Snap shot by Bryan Little.
19:29 of 2nd period - Shot Blocked by Ron Hainsey.
Goals for this period are 1 for Avalanche vs 0 for Flames.
Shots for this period are 13 for Avalanche vs 7 for Flames.

3rd period


0:01 of 3rd period - Brad Marchand wins face-off versus Bryan Little in neutral zone.
0:27 of 3rd period - Jack Johnson is hit by Alexander Semin and loses puck.
0:38 of 3rd period - Wrist shot by Mikhail Grabovski.
0:38 of 3rd period - Stopped by Semyon Varlamov without a rebound.
0:39 of 3rd period - Brad Marchand wins face-off versus Bryan Little in Avalanche zone.
1:16 of 3rd period - Penalty to Eric Staal is over, Eric Staal is back on ice.
1:26 of 3rd period - Brad Marchand is hit by Paul Stastny and loses puck.
1:35 of 3rd period - Snap shot by Brandon Yip.
1:35 of 3rd period - Stopped by Pekka Rinne with a rebound.
2:20 of 3rd period - Ron Hainsey is hit by Jack Johnson and loses puck.
2:37 of 3rd period - Snap shot by Alexander Radulov.
2:37 of 3rd period - Shot Misses the Net.
2:39 of 3rd period - Snap shot by Andrei Kostitsyn.
2:39 of 3rd period - Stopped by Pekka Rinne with a rebound.
2:41 of 3rd period - Backhand shot by Marc Staal.
2:41 of 3rd period - Shot Blocked by Alexander Semin.
2:43 of 3rd period - Snap shot by Alexander Radulov.
2:43 of 3rd period - Shot Misses the Net.
2:45 of 3rd period - Slapshot by Jack Johnson.
2:45 of 3rd period - Shot Misses the Net.
3:33 of 3rd period - Slapshot by Jack Johnson.
3:33 of 3rd period - Stopped by Pekka Rinne with a rebound.
3:35 of 3rd period - Wrist shot by Alexander Radulov.
3:35 of 3rd period - Stopped by Pekka Rinne with a rebound.
3:37 of 3rd period - Snap shot by Alexander Radulov.
3:37 of 3rd period - Stopped by Pekka Rinne without a rebound.
3:38 of 3rd period - Bryan Little wins face-off versus Patrik Berglund in Flames zone.
3:46 of 3rd period - Off-side.
3:47 of 3rd period - Bryan Little wins face-off versus Brad Marchand in neutral zone.
3:50 of 3rd period - Patrik Berglund is hit by Bryan Little.
4:02 of 3rd period - Steve Eminger is hit by Mark Giordano and loses puck.
4:29 of 3rd period - Snap shot by Mikkel Boedker.
4:29 of 3rd period - Shot Misses the Net.
4:44 of 3rd period - Patrik Berglund is hit by Bryan Little and loses puck.
5:01 of 3rd period - Wrist shot by Mikkel Boedker.
5:01 of 3rd period - Goal by Mikkel Boedker - Avalanche : 2 - Flames : 4.
5:02 of 3rd period - Brandon Yip wins face-off versus Eric Staal in neutral zone.
5:10 of 3rd period - Off-side.
5:11 of 3rd period - Paul Stastny wins face-off versus Eric Staal in neutral zone.
5:14 of 3rd period - Snap shot by Brandon Yip.
5:14 of 3rd period - Stopped by Pekka Rinne with a rebound.
5:16 of 3rd period - Snap shot by Paul Stastny.
5:16 of 3rd period - Shot Blocked by Eric Staal.
5:29 of 3rd period - Icing by Ron Hainsey.
5:30 of 3rd period - Cory Emmerton wins face-off versus Eric Staal in Flames zone.
5:43 of 3rd period - Snap shot by Andrei Kostitsyn.
5:43 of 3rd period - Shot Misses the Net.
6:34 of 3rd period - Lubomir Visnovsky is hit by Andrew Ladd.
7:20 of 3rd period - Minor Penalty to David Krejci for Diving.
7:21 of 3rd period - Andrew Ladd wins face-off versus Eric Staal in Avalanche zone.
7:21 of 3rd period - Andrew Ladd is hit by Alexander Semin.
7:31 of 3rd period - Slapshot by Eric Staal.
7:31 of 3rd period - Goal by Eric Staal - Avalanche : 2 - Flames : 5.
7:32 of 3rd period - Eric Staal wins face-off versus Bryan Little in neutral zone.
7:49 of 3rd period - Snap shot by Alexander Semin.
7:49 of 3rd period - Stopped by Semyon Varlamov with a rebound.
7:59 of 3rd period - Patrik Berglund is hit by Cory Emmerton and loses puck.
9:12 of 3rd period - Wrist shot by Alexander Semin.
9:12 of 3rd period - Shot Blocked by Bryan Little.
9:14 of 3rd period - Wrist shot by Eric Staal.
9:14 of 3rd period - Shot Misses the Net.
9:26 of 3rd period - Snap shot by Colin Wilson.
9:26 of 3rd period - Stopped by Semyon Varlamov with a rebound.
9:44 of 3rd period - Snap shot by Mikkel Boedker.
9:44 of 3rd period - Stopped by Pekka Rinne without a rebound.
9:45 of 3rd period - Andrei Kostitsyn wins face-off versus Eric Staal in Flames zone.
10:29 of 3rd period - Minor Penalty to Patrik Berglund for Tripping.
10:30 of 3rd period - Eric Staal wins face-off versus Bryan Little in Flames zone.
11:20 of 3rd period - Off-side.
11:21 of 3rd period - Eric Staal wins face-off versus Bryan Little in neutral zone.
11:25 of 3rd period - Minor Penalty to Jay Bouwmeester for Roughing.
11:26 of 3rd period - Mikhail Grabovski wins face-off versus Bryan Little in Avalanche zone.
12:04 of 3rd period - Marc Staal is hit by Steve Eminger and loses puck.
12:25 of 3rd period - Wrist shot by Corey Perry.
12:25 of 3rd period - Shot Blocked by Brad Marchand.
12:29 of 3rd period - Penalty to Patrik Berglund is over, Patrik Berglund is back on ice.
13:12 of 3rd period - Andrew Ladd is hit by Eric Staal and loses puck.
13:25 of 3rd period - Penalty to Jay Bouwmeester is over, Jay Bouwmeester is back on ice.
13:55 of 3rd period - Alexander Radulov is hit by Derek Meech.
14:50 of 3rd period - Backhand shot by Alexander Semin.
14:50 of 3rd period - Deflect By Jack Johnson.
14:50 of 3rd period - Shot Blocked by Pernell Karl Subban.
14:50 of 3rd period - Puck is out of play.
14:51 of 3rd period - Andrew Ladd wins face-off versus Eric Staal in Avalanche zone.
14:51 of 3rd period - Andrew Ladd is hit by David Backes.
15:04 of 3rd period - Minor Penalty to Steve Eminger for Hooking.
15:05 of 3rd period - Bryan Little wins face-off versus Eric Staal in Flames zone.
15:09 of 3rd period - Snap shot by Mikkel Boedker.
15:09 of 3rd period - Shot Blocked by Jordin Tootoo.
15:11 of 3rd period - Slapshot by Jack Johnson.
15:11 of 3rd period - Shot Blocked by Ron Hainsey.
15:13 of 3rd period - Slapshot by Corey Perry.
15:13 of 3rd period - Shot Misses the Net.
15:21 of 3rd period - Snap shot by Mikkel Boedker.
15:21 of 3rd period - Stopped by Pekka Rinne without a rebound.
15:22 of 3rd period - Mikhail Grabovski wins face-off versus Bryan Little in Flames zone.
15:49 of 3rd period - Snap shot by Paul Stastny.
15:49 of 3rd period - Stopped by Pekka Rinne with a rebound.
15:51 of 3rd period - Wrist shot by Alexander Radulov.
15:51 of 3rd period - Stopped by Pekka Rinne with a rebound.
15:53 of 3rd period - Backhand shot by Alexander Radulov.
15:53 of 3rd period - Shot Misses the Net.
15:59 of 3rd period - Minor Penalty to Mikhail Grabovski for Interference.
16:00 of 3rd period - David Backes wins face-off versus Bryan Little in Flames zone.
16:34 of 3rd period - Slapshot by Marc Staal.
16:34 of 3rd period - Deflect By Erik Johnson.
16:34 of 3rd period - Stopped by Pekka Rinne without a rebound.
16:35 of 3rd period - Alexander Semin wins face-off versus Bryan Little in Flames zone.
17:04 of 3rd period - Penalty to Steve Eminger is over, Steve Eminger is back on ice.
17:14 of 3rd period - Slapshot by Mikkel Boedker.
17:14 of 3rd period - Stopped by Pekka Rinne without a rebound.
17:15 of 3rd period - Eric Staal wins face-off versus Paul Stastny in Flames zone.
17:46 of 3rd period - Jordin Tootoo is hit by Bryan Little and loses puck.
17:59 of 3rd period - Penalty to Mikhail Grabovski is over, Mikhail Grabovski is back on ice.
18:56 of 3rd period - Mark Giordano is hit by Jonathan Ferland.
19:00 of 3rd period - Corey Perry is hit by Mikhail Grabovski and loses puck.
19:31 of 3rd period - Wrist shot by Colin Wilson.
19:31 of 3rd period - Shot Misses the Net.
19:33 of 3rd period - Wrist shot by Steve Regier.
19:33 of 3rd period - Shot Blocked by Jack Johnson.
Goals for this period are 1 for Avalanche vs 1 for Flames.
Shots for this period are 13 for Avalanche vs 4 for Flames.